 Dungeon Crawl Stone Soup version 0.25-a0-353-ged6d547 (webtiles) character file.

Game seed: 8417009150197755194, levelgen mode: deterministic

34 silenth the Firebug (level 3, 0/26 HPs)
             Began as a Demigod Fire Elementalist on Jan 1, 2020.
             Succumbed to an adder's poison
             ... on level 2 of the Dungeon.
             The game lasted 00:02:01 (1184 turns).

silenth the Firebug (Demigod Fire Elementalist)     Turns: 1184, Time: 00:02:01

Health: 0/26       AC:  2    Str: 11    XL:     3   Next: 1%
Magic:  7/9        EV: 12    Int: 21    God:
Gold:   41         SH:  0    Dex: 16    Spells: 5/6 levels left

rFire    . . .     SeeInvis .   b - +0 dagger
rCold    . . .     Gourm    .   (no shield)
rNeg     . . .     Faith    .   a - +0 robe
rPois    .         Spirit   .   (no helmet)
rElec    .         Reflect  .   (no cloak)
rCorr    .         Harm     .   (no gloves)
MR       .....                  (no boots)
Stlth    ++........             (no amulet)
HPRegen  0.08/turn              (no ring)
MPRegen  0.11/turn              (no ring)

@: lethally poisoned (0 -> -9), flying
A: high mp 1
a: no special abilities


You were on level 2 of the Dungeon.
You were not hungry.

You visited 1 branch of the dungeon, and saw 2 of its levels.

You collected 41 gold pieces.

Inventory:

Hand Weapons
 b - a +0 dagger (weapon)
Armour
 a - a +0 robe (worn)
Jewellery
 g - a cursed -2 ring of dexterity {unknown}
Scrolls
 c - a scroll of remove curse {unknown}
 d - 3 scrolls of teleportation {unknown}
 i - a scroll of amnesia {unknown}
 k - a scroll of blinking {unknown}
 l - a scroll of identify {unknown}
Potions
 h - a potion of ambrosia {unknown}
 j - a potion of brilliance {unknown}
Comestibles
 e - 5 rations


   Skills:
 - Level 1.7 Dodging
 - Level 1.7 Stealth
 + Level 2.2 Spellcasting
 + Level 1.7 Conjurations
 + Level 3.1 Fire Magic


You had 5 spell levels left.
You knew the following spells:

 Your Spells              Type           Power        Failure   Level  Hunger
a - Foxfire               Conj/Fire      ##..         5%          1    #......

Your spell library contained the following spells:

 Spells                   Type           Power        Failure   Level  Hunger
 Conjure Flame            Conj/Fire      ##......     16%         3    ###....
 Inner Flame              Hex/Fire       #.......     22%         3    ###....
 Sticky Flame             Conj/Fire      ##......     45%         4    #####..
 Fireball                 Conj/Fire      ##........   82%         5    ######.


Dungeon Overview and Level Annotations

Branches:
Dungeon (2/15)


Innate Abilities, Weirdness & Mutations

You have an increased reservoir of magic. (+10% MP)


Message History

The adder barely misses you. The adder bites you.
Casting: Foxfire (safe; 5% risk of failure)
Confirm with . or Enter, or press ? or * to list all spells.
You conjure some foxfire!
You feel sick. The adder bites you.
* * * LOW HITPOINT WARNING * * *
You are lethally poisoned!
The adder poisons you!
Your foxfire dissipates!
* * * LOW HITPOINT WARNING * * *
You feel sick.
The foxfire hits the adder.
The adder is almost dead.
Casting: Foxfire (safe; 5% risk of failure)
Confirm with . or Enter, or press ? or * to list all spells.
You conjure some foxfire!
The adder bites you.
* * * LOW HITPOINT WARNING * * *
It was a potion of flight.
You feel very buoyant.
You fly up into the air.
You die...

####.####.###############.....#
#..†.#.....# ##..#### #.####
#..####### ##....# #....#
#........# #....#
#####.#+##.....##.# ##...#
.†..#.....####.##.# #...#
...........#...##.# #...#
...........#.####v# ##).#
...........#.#.S@v# ##.#
..........## #.#### #.#
....##....# #.# #.. ###########
#.. ##. ###. #. .. ## $. # ...
# ### ######


You could see an adder.

Vanquished Creatures
  A dart slug (D:2)
  A giant cockroach (D:1)
  6 goblins (D:1)
  A hobgoblin (D:1)
  6 jackals (D:2)
  2 kobolds (D:1)
  A quokka (D:2)
  3 bats
  4 frilled lizards
  5 rats
30 creatures vanquished.

Vanquished Creatures (others)
  42 foxfires
42 creatures vanquished.

Grand Total: 72 creatures vanquished

Notes
Turn   | Place    | Note
-------+----------+-------------------------------------------
     0 | D:1      | silenth the Demigod Fire Elementalist began the quest for
                  | the Orb.
     0 | D:1      | Reached XP level 1. HP: 14/14 MP: 5/5
    57 | D:1      | Reached skill level 1 in Conjurations
   399 | D:1      | Reached skill level 2 in Spellcasting
   419 | D:1      | Reached XP level 2. HP: 9/20 MP: 2/7
   649 | D:1      | Reached skill level 3 in Fire Magic
   905 | D:2      | Found a shimmering altar of Xom.
   906 | D:2      | Noticed an angel
  1110 | D:2      | Reached XP level 3. HP: 22/26 MP: 3/9
  1183 | D:2      | HP: 1/26 [adder (5)]
  1184 | D:2      | Succumbed to an adder's poison

Levels and vault maps discovered:
D:1:      dpeg_arrival_pond, layout_rooms
D:2:      layout_basic, grunt_temple_overflow_order_and_chaos_1

Skill      XL: |  1  2 |
---------------+-------+-----
Conjurations   | 1 |  1.7
Spellcasting   | 2 |  2.2
Fire Magic     | 3 |  3.1
Dodging        | |  1.7
Stealth        | |  1.7

Action                   || total
-------------------------++-------
Melee: Dagger            ||    60
       Unarmed           ||     5
 Cast: Foxfire           ||    27
  Use: Potion            ||     1
 Stab: Sleeping          ||     5
  Eat: Chunk             ||     1
Armor: Robe              ||     8
Dodge: Dodged            ||    57

Table legend:
 A = Non-vault XP
 B = Vault XP
 C = Vault XP percentage of total XP
 D = Non-vault monster count
 E = Vault monster count
 F = Vault count percentage of total count
                 A         B        C        D         E       F
            +---------+---------+-------+---------+---------+-------
      Total |      49 |       0 |   0.0 |      30 |       0 |   0.0
            +---------+---------+-------+---------+---------+-------
        D:1 |      28 |       0 |   0.0 |      19 |       0 |   0.0
        D:2 |      21 |       0 |   0.0 |      11 |       0 |   0.0
            +---------+---------+-------+---------+---------+-------
